 Dungeon Crawl Stone Soup version 0.19-a0-38-ga776ef0 (webtiles) character file.

9 tyvek the Shield-Bearer (level 2, 24/24 HPs)
             Began as a Formicid Fighter on May 4, 2016.
             Quit the game on level 1 of the Dungeon.
             The game lasted 00:00:17 (221 turns).

tyvek the Shield-Bearer (Formicid Fighter)           Turns: 221, Time: 00:00:18

Health: 24/24      AC:  6    Str: 20    XL:     2   Next: 20%
Magic:  2/2        EV:  7    Int:  7    God:
Gold:   36         SH:  9    Dex: 10    Spells: 0 memorised, 1 level left

rFire  . . .     SeeInvis +     a - +0 war axe
rCold  . . .     Gourm    .     b - +0 scale mail
rNeg   . . .     Faith    .     c - +0 shield
rPois  .         Spirit   .     (helmet unavailable)
rElec  .         Dismiss  .     (no cloak)
rCorr  .         Reflect  .     (no gloves)
SustAt .         Harm     .     (no boots)
MR     .....                    (no amulet)
Stlth  ..........               (no ring)
                                (no ring)

@: not resistant to hostile enchantments, extremely unstealthy
A: permanent stasis, dig shafts and tunnels, four strong arms, antennae 3
a: Dig, Shaft Self


You were on level 1 of the Dungeon.
You were not hungry.

You visited 1 branch of the dungeon, and saw 1 of its levels.

You collected 36 gold pieces.

Inventory:

Hand Weapons
 a - a +0 war axe (weapon)
Armour
 b - a +0 scale mail (worn)
 c - a +0 shield (worn)
Potions
 d - a potion of might
 e - a potion of berserk rage {unknown}
Comestibles
 f - a bread ration {@e1}


   Skills:
 + Level 3.6 Fighting
 * Level 2.1 Axes
 + Level 3.5 Armour
 + Level 3.6 Shields


You had one spell level left.
You didn't know any spells.

Dungeon Overview and Level Annotations

Branches:
Dungeon (1/15)

Altars:


Innate Abilities, Weirdness & Mutations

You are under a permanent stasis effect.
You can dig through walls and to a lower floor.
Your four strong arms can wield two-handed weapons with a shield.
You have a pair of large antennae on your head (SInv).


Message History

No target in view!
No target in view!
No target in view!
No target in view!
No target in view!
No target in view!
No target in view!
No target in view!
No target in view!
You see here a giant cockroach corpse.
A kobold comes into view.
A kobold is nearby!
A kobold is nearby!
You closely miss the kobold. You block the kobold's attack.
The kobold hits you but does no damage.
You slash the kobold!
You kill the kobold!
You have reached level 2!
Health restored: 24; MP restored: 2 You see here a kobold corpse.
You see here 20 stones.
A goblin comes into view. It is wielding a dagger.
The goblin shouts!
A goblin is nearby!
A goblin is nearby!
A goblin is nearby!
The goblin hits you but does no damage.
You hit the goblin.
You kill the goblin!
No target in view!
No target in view!
No target in view!
No target in view!
No target in view!
No target in view!
No target in view!
No target in view!
No target in view!
No target in view!
No target in view!
No target in view!
No target in view!
No target in view!
No target in view!
No target in view!
No target in view!
You now have 36 gold pieces (gained 11).
You sense a monster nearby.
A bat comes into view.
A bat is nearby!
A bat is nearby!
A bat is nearby!
The bat hits you but does no damage. The bat hits you but does no damage.
You miss the bat. You block the bat's attack. x2
The bat hits you but does no damage. The bat hits you but does no damage. x2
There is an open gate here.
You hit the bat but do no damage. The bat barely misses you.
The bat hits you but does no damage. You block the bat's attack.
You block the bat's attack. The bat hits you but does no damage.
You closely miss the bat. The bat closely misses you.
The bat hits you but does no damage.
You hit the bat. The bat hits you but does no damage. x2
Your scale mail prevents you from hitting the bat.
The bat completely misses you. You block the bat's attack.
The bat hits you but does no damage. You block the bat's attack.
You block the bat's attack. The bat barely misses you.
You block the bat's attack.
You closely miss the bat. The bat hits you but does no damage.
The bat barely misses you. The bat barely misses you.
You block the bat's attack. The bat hits you but does no damage.
You closely miss the bat. The bat hits you but does no damage.
The bat barely misses you. You block the bat's attack.
You block the bat's attack.
Your shield and scale mail prevent you from hitting the bat.
The bat hits you but does no damage. You block the bat's attack.
You closely miss the bat. You block the bat's attack. x2
You slash the bat!
You kill the bat!
No target in view!
No target in view!
No target in view!
No target in view!
No target in view!
No target in view!
No target in view!
No target in view!
No target in view!
No target in view!
No target in view!
No target in view!
No target in view!
No target in view!
No target in view!
No target in view!

♣♣...# ♣....# ♣♣....##
♣......## ###########
♣.......## #...........
♣.8..8..8###.######.###
♣♣........'.#.# #.###
♣..<......'.#.# #.†..
♣♣.....@†.'.#.# #.###
♣.8..8..8#.#.######.#
♣♣......##.......##.#
♣.....###...###.##.###
♣♣...###..............
♣...#.#.#.###########
♣...#.#.#.# ♣...#...#.#
♣♣♣.##.##.###########


There were no monsters in sight!

Vanquished Creatures
  A giant cockroach (D:1)
  3 goblins (D:1)
  A kobold (D:1)
  2 bats (D:1)
  A giant newt (D:1)
  A rat (D:1)
9 creatures vanquished.

Notes
Turn   | Place    | Note
--------------------------------------------------------------
     0 | D:1      | tyvek the Formicid Fighter began the quest for the Orb.
     0 | D:1      | Reached XP level 1. HP: 18/18 MP: 1/1
   121 | D:1      | Reached XP level 2. HP: 24/24 MP: 2/2
   221 | D:1      | Quit the game

Vault maps used:
D:1:      kennysheep_arrival_forest

Action                   || total
-------------------------++-------
Melee: War axe           ||    25
Armor: Scale mail        ||    18
Dodge: Dodged            ||    11
Block: Shield            ||    19

Vault maps used:
D:1:      kennysheep_arrival_forest

Table legend:
 A = Turns spent in this place as a percentage of turns spent in the entire game.
 B = Non-inter-level travel turns spent in this place as a percentage of non-inter-level travel turns spent in the entire game.
 C = Inter-level travel turns spent in this place as a percentage of turns spent in this place.
 D = Turns resting spent in this place as a percentage of non-inter-level travel turns spent in this place.
 E = Turns spent auto-exploring this place as a percentage of non-inter-level travel turns spent in this place.
 F = Non-inter-level travel turns spent in this place divided by the number of levels of this place that you've seen.
                   A       B       C       D       E      F
               +-------+-------+-------+-------+-------+----------------------
         Total | 100.0 | 100.0 |   0.0 |   0.0 |   6.4 | 172.0
       Dungeon | 100.0 | 100.0 |   0.0 |   0.0 |   6.4 | 172.0
               +-------+-------+-------+-------+-------+----------------------

Table legend:
 A = Kills in this place as a percentage of kills in entire the game.
 B = Kills by you in this place as a percentage of kills by you in the entire game.
 C = Kills by friends in this place as a percentage of kills by friends in the entire game.
 D = Other kills in this place as a percentage of other kills in the entire game.
 E = Experience gained in this place as a percentage of experience gained in the entire game.
 F = Experience gained in this place divided by the number of levels of this place that you have seen.
                   A       B       C       D       E      F
               +-------+-------+-------+-------+-------+----------------------
         Total | 100.0 | 100.0 |  -nan |  -nan | 100.0 |  13.0
       Dungeon | 100.0 | 100.0 |  -nan |  -nan | 100.0 |  13.0
               +-------+-------+-------+-------+-------+----------------------
